 Dungeon Crawl Stone Soup version 0.29-a0-11-ga75d3d97ab (webtiles) character file.

Game seed: 12907754424240853109

3558 robertstho the Covert (level 9, 0/45 HPs)
             Began as a Spriggan Conjurer on Jan 28, 2022.
             Was a Follower of Sif Muna.
             Slain by a water moccasin (4 damage)
             ... on level 8 of the Dungeon.
             The game lasted 00:15:56 (9768 turns).

robertstho the Covert (Spriggan Conjurer)           Turns: 9768, Time: 00:15:59

Health: 0/45       AC:  5    Str:  3    XL:     9   Next: 83%
Magic:  11/22      EV: 18    Int: 24    God:    Sif Muna [*.....]
Gold:   375        SH:  0    Dex: 13    Spells: 10/24 levels left

rFire   . . .      SeeInvis +   w - +8 trident of the Octopus King {venom, rElec rPois}
rCold   . . .      Faith    .   (shield currently unavailable)
rNeg    . . .      Spirit   .   a - +0 robe
rPois   +          Reflect  .   (helmet restricted)
rElec   +          Harm     .   o - +2 cloak {rPois}
rCorr   .          Rampage  .   (gloves unavailable)
Will    +....                   (boots unavailable)
Stlth   +++++.....              y - amulet of the acrobat
HPRegen 0.15/turn               p - +4 ring of slaying
MPRegen 0.18/turn               (no ring)

@: very quick
A: very small, no large weapons, unfitting armour, see invisible, speed 3
a: Renounce Religion, Channel Magic


You were on level 8 of the Dungeon.
You worshipped Sif Muna.
Sif Muna was aware of your devotion.
You visited 2 branches of the dungeon, and saw 9 of its levels.

You collected 375 gold pieces.

Inventory:

Hand Weapons
 b - a +0 dagger
 t - the +7 dagger of Death's Door {speed, +Blink Str+5 Dex-4}
   (You found it on level 4 of the Dungeon)

   Attacks with this weapon are significantly faster.
   Str:       It affects your strength (+5).
   Dex:       It affects your dexterity (-4).
   +Blink:    It lets you blink.
 w - the +8 trident of the Octopus King (weapon) {venom, rElec rPois}
   (You found it on level 5 of the Dungeon)

   It poisons the flesh of those it strikes.
   rElec:     It insulates you from electricity.
   rPois:     It protects you from poison.
Armour
 a - a +0 robe (worn)
 o - a +2 cloak of poison resistance (worn)
Jewellery
 p - a +4 ring of slaying (left hand)
 y - an amulet of the acrobat (around neck)
Wands
 v - a wand of charming (8)
 A - a wand of flame (24)
Scrolls
 c - a scroll of torment
 f - a scroll of enchant armour
 g - 5 scrolls of blinking {unknown}
 h - a scroll of brand weapon {unknown}
 j - a scroll of amnesia {unknown}
 n - a scroll of fog {unknown}
 q - 2 scrolls of immolation {unknown}
 s - a scroll of holy word {unknown}
 u - 3 scrolls of noise {unknown}
 x - a scroll of teleportation {unknown}
Potions
 d - 6 potions of curing
 e - 3 potions of heal wounds {unknown}
 i - 2 potions of lignification {unknown}
 k - 3 potions of ambrosia {unknown}
 l - a potion of degeneration {unknown}
 m - 2 potions of haste {unknown}
 r - a potion of flight
 z - a potion of cancellation {unknown}


   Skills:
 * Level 4.1 Fighting
 + Level 2.0 Short Blades
 + Level 3.8 Polearms
 + Level 5.2 Dodging
 * Level 11.2 Stealth
 * Level 8.3 Spellcasting
 + Level 4.5 Conjurations
 + Level 1.0 Hexes
 * Level 3.5 Invocations


You had 10 spell levels left.
You knew the following spells:

 Your Spells              Type           Power      Damage    Failure   Level
a - Magic Dart            Conj           100%       1d8       1%          1
b - Searing Ray           Conj           62%        2d6       1%          2
c - Dazzling Flash        Conj/Hex       46%        N/A       6%          3
d - Fulminant Prism       Conj/Hex       11%        3d9       21%         4
e - Iskenderun's Mystic   Conj/Tloc      20%        2d6       24%         4

Your spell library contained the following spells:

 Spells                   Type           Power      Damage    Failure   Level
 Gell's Gravitas          Tloc           10%        N/A       19%         3
 Lesser Beckoning         Tloc           10%        N/A       19%         3
 Teleport Other           Tloc           10%        N/A       19%         3
 Hailstorm                Conj/Ice       20%        3d6       24%         4
 Ice Form                 Ice/Tmut       10%        N/A       52%         4
 Simulacrum               Ice/Necr       5%         N/A       100%        6


Dungeon Overview and Level Annotations

Branches:
Dungeon (8/15)             Temple (1/1) D:5
   Lair: D:8-11

Altars:
Ashenzari
Cheibriados
Dithmenos
Elyvilon
Gozag
Hepliaklqana
Kikubaaqudgha
Makhleb
Nemelex Xobeh
Okawaru
Qazlal
Sif Muna
Trog
Uskayaw
Vehumet
Wu Jian
Xom
Yredelemnul
Zin
The Shining One

Shops:
D:1 [

Annotations:
D:4 2 transporters, Triskal's ghost, novice HuGl
D:6 3 runed translucent doors, bande's ghost, novice GrFi


Innate Abilities, Weirdness & Mutations

You are very small and have problems with some larger weapons.
You are too small for most types of armour.
You have supernaturally acute eyesight. (SInv)
You cover ground extremely quickly. (Speed+++)


Message History

The searing ray hits the orc!
You kill the orc!
Sif Muna accepts your kill.
You finish channelling your searing ray.
The orc warrior completely misses you.
Casting: Searing Ray (safe; 1% risk of failure)
Confirm with . or Enter, or press ? or * to list all spells.
Casting: Dazzling Flash (dangerous; 6% risk of failure)
Press: ? - help, Dir - look around, f - activate The water moccasin is dazzled.
The orc warrior is dazzled.
The orc is dazzled.
The water moccasin bites you. The orc warrior misses you.
Unknown command.
Casting: Dazzling Flash (dangerous; 6% risk of failure)
Confirm with . or Enter, or press ? or * to list all spells.
The spell is quite dangerous to miscast (24% risk of failure)!
Continue anyway?
You erupt in a blast of force!
The mystic blast hits the orc!
You kill the orc!
Sif Muna accepts your kill.
The mystic blast hits the orc warrior.
The orc warrior is severely wounded.
The orc warrior is knocked back by the mystic blast.
The mystic blast hits the water moccasin.
The water moccasin is moderately wounded.
The water moccasin is knocked back by the mystic blast.
The water moccasin completely misses you.
You miss the water moccasin.
The water moccasin is moderately wounded.
The orc warrior looks more healthy.
The water moccasin closely misses you.
You catch the helpless water moccasin completely off-guard!
You impale the water moccasin!!
The water moccasin is almost dead.
The orc warrior is no longer blind.
The water moccasin closely misses you. The water moccasin misses you.
You closely miss the water moccasin.
The water moccasin is almost dead.
The water moccasin is no longer blind.
The water moccasin barely misses you.
The orc warrior hits you with a +0 battleaxe!!
* * * LOW HITPOINT WARNING * * *
The water moccasin bites you.
You die...

#.....##.....
##.......##..
##.o......#.
##.........
##.)##... #####
##)##
#######...###.##
#....##.....o####
##..........@...##
####.......S....#
##....<........#
#.............#
#.............#
#............##
##...........#
##...).....##
##.......##


You could see an orc warrior and a water moccasin.

Vanquished Creatures
  Pikel (D:6)
  Prince Ribbit (D:6)
  Sigmund (D:3)
  A steam dragon (D:7)
  Duvessa (D:7)
  2 ice beasts
  A necrophage (D:6)
  A sky beast (D:6)
  6 ogres
  A centaur (D:7)
  3 lemures (D:6)
  4 phantoms
  A bullfrog (D:7)
  6 scorpions
  A water moccasin zombie (D:5)
  Dowan (D:7)
  3 wights (D:6)
  2 howler monkeys (D:8)
  A centaur zombie (D:5)
  3 hounds
  Crazy Yiuf (D:2)
  Natasha (thrice) (D:2)
  4 iguanas
  A hound zombie (D:5)
  11 gnolls
  6 adders
  A worm (D:3)
  A dart slug (D:2)
  6 orcs
  An endoplasm (D:4)
  5 giant cockroaches
  4 hobgoblins
  6 jackals
  2 quokkas
  5 ball pythons
  5 bats
  5 frilled lizards
  9 goblins
  10 kobolds
  8 rats
135 creatures vanquished.

Vanquished Creatures (others)
  4 fungi (D:2)
  3 plants (D:2)
7 creatures vanquished.

Grand Total: 142 creatures vanquished

Notes
Turn   | Place    | Note
-------+----------+-------------------------------------------
     0 | D:1      | robertstho the Spriggan Conjurer began the quest for the
                  | Orb.
     0 | D:1      | Reached XP level 1. HP: 9/9 MP: 5/5
   794 | D:1      | Reached XP level 2. HP: 13/13 MP: 3/6
   797 | D:1      | Learned a level 2 spell: Searing Ray
  1183 | D:1      | Found Ziesunn's Armour Shoppe.
  1562 | D:1      | Reached XP level 3. HP: 16/16 MP: 2/8
  2093 | D:2      | Found a faded altar of an unknown god.
  2157 | D:2      | Noticed Natasha
  2163 | D:2      | Killed Natasha
  2454 | D:2      | Noticed Natasha
  2463 | D:2      | Killed Natasha
  2464 | D:2      | Reached skill level 4 in Stealth
  2464 | D:2      | Reached XP level 4. HP: 6/21 MP: 2/10
  2695 | D:2      | Noticed Natasha
  2702 | D:2      | Killed Natasha
  2703 | D:2      | Reached skill level 1 in Fighting
  2754 | D:2      | Found a runed translucent door.
  2755 | D:2      | Noticed Crazy Yiuf
  2924 | D:2      | Reached XP level 5. HP: 25/25 MP: 3/12
  3361 | D:2      | Killed Crazy Yiuf
  3362 | D:2      | Reached skill level 1 in Short Blades
  3373 | D:2      | Learned a level 3 spell: Dazzling Flash
  3378 | D:2      | Learned a level 4 spell: Fulminant Prism
  3961 | D:3      | Noticed Sigmund
  4174 | D:3      | Killed Sigmund
  4175 | D:3      | Reached skill level 5 in Stealth
  4175 | D:3      | Reached skill level 5 in Spellcasting
  4175 | D:3      | Reached XP level 6. HP: 17/30 MP: 5/14
  4977 | D:4      | Reached skill level 6 in Stealth
  4977 | D:4      | Reached XP level 7. HP: 25/34 MP: 10/16
  5276 | D:4      | Identified the +7 dagger of Death's Door {speed, +Blink
                  | Str+5 Dex-4}
  5321 | D:4      | Noticed Triskal's ghost (novice HuGl)
  5322 | D:4      | Found a transporter.
  5326 | D:4      | Found a transporter.
  5697 | D:5      | Entered Level 5 of the Dungeon
  5977 | D:5      | Reached skill level 7 in Stealth
  6075 | D:5      | Found the +8 trident of the Octopus King {venom, rElec
                  | rPois}
  6201 | D:5      | Found a burning altar of Makhleb.
  6208 | D:5      | Reached XP level 8. HP: 34/39 MP: 19/19
  6317 | D:5      | Found a staircase to the Ecumenical Temple.
  6530 | Temple   | Entered the Ecumenical Temple
  6745 | Temple   | Became a worshipper of Sif Muna the Loreminder
  6946 | D:5      | Found a glowing silver altar of Zin.
  7242 | D:6      | Reached skill level 1 in Polearms
  7256 | D:6      | Reached skill level 1 in Invocations
  7367 | D:6      | Reached skill level 8 in Stealth
  7376 | D:6      | Noticed Pikel
  7406 | D:6      | Killed Pikel
  7407 | D:6      | Reached XP level 9. HP: 35/44 MP: 2/21
  7413 | D:6      | Learned a level 4 spell: Iskenderun's Mystic Blast
  7532 | D:6      | Reached skill level 9 in Stealth
  7840 | D:6      | Noticed bande's ghost (novice GrFi)
  7867 | D:6      | Found a runed translucent gate.
  7867 | D:6      | Found a runed translucent gate.
  7867 | D:6      | Found a runed translucent gate.
  8055 | D:6      | Noticed Prince Ribbit
  8064 | D:6      | Killed Prince Ribbit
  8065 | D:6      | Reached skill level 5 in Dodging
  8065 | D:6      | Reached skill level 10 in Stealth
  8497 | D:7      | Noticed Duvessa
  8500 | D:7      | Noticed Dowan
  8507 | D:7      | Killed Duvessa
  8513 | D:7      | Killed Dowan
  8553 | D:7      | Reached * piety under Sif Muna
  8662 | D:7      | Reached skill level 11 in Stealth
  8682 | D:7      | HP: 2/45 [ice beast (9)]
  9704 | D:7      | Identified the +8 falchion of Evil {vorpal, Contam Will+
                  | Str+7 Dex+2}
  9746 | D:8      | Reached skill level 1 in Hexes
  9768 | D:8      | Slain by a water moccasin

Illustrated notes

Levels and vault maps discovered:
D:1:      psy_arrival_radial01, layout_basic, serial_shops,
          nicolae_shop_competitors_out_of_business
D:2:      layout_loops_cross, dreamdust_ecumenical_altar_grove,
          kennysheep_nondescript, minmay_heptomino_w4, uniq_natasha,
          uniq_crazy_yiuf_cottage
D:3:      layout_basic, uniq_sigmund
D:4:      layout_loops_ring, gammafunk_ghost_smash
D:5:      layout_cave_pods, zin_statuary, makhleb_heckhound_becter,
          minmay_temple_entry_fiery
D:6:      layout_loops_ring, gammafunk_ghost_icy, kennysheep_cluttered_room,
          kennysheep_windowed_goal, uniq_pikel, uniq_prince_ribbit1
D:7:      layout_basic, minmay_parallelograms, uniq_duvessa
D:8:      layout_cave_pods, hangedman_decor_opposing
Temple:   dpeg_five_rooms_temple

Skill      XL: |  1  2  3  4  5  6  7  8  9 |
---------------+----------------------------+-----
Conjurations   | 3 4 |  4.5
Spellcasting   | 3 4 5 6 7 8 |  8.3
Dodging        | 3 4 5 |  5.2
Stealth        | 4 5 6 7 8 11 | 11.2
Fighting       | 1 2 3 4 |  4.1
Short Blades   | 1 2 |  2.0
Polearms       | 2 3 |  3.8
Invocations    | 2 3 |  3.5
Hexes          | 1 |  1.0

Action                   |  1- 3 |  4- 6 |  7- 9 || total
-------------------------+-------+-------+-------++-------
Melee: Dagger            |    32 |    14 |     1 ||    47
       Trident           |       |       |   131 ||   131
 Cast: Magic Dart        |    44 |     1 |       ||    45
       Searing Ray       |    13 |    33 |    25 ||    71
       Dazzling Flash    |       |       |     4 ||     4
       Iskenderun's Myst |       |       |     1 ||     1
  Use: Scroll            |       |     2 |     2 ||     4
 Stab: Sleeping          |     2 |     1 |    18 ||    21
       Invisible         |       |       |     2 ||     2
Armor: Robe              |    10 |     6 |    20 ||    36
Dodge: Dodged            |    29 |    29 |   133 ||   191

Table legend: (Time is in decaauts)
 A = Elapsed time spent in this place.
 B = Non-inter-level travel time spent in this place.
 C = Inter-level travel time spent in this place.
 D = Time resting spent in this place.
 E = Time spent auto-exploring this place.
 F = Levels seen in this place.
 G = Mean time per level.
                   A        B        C        D        E       F      G
               +--------+--------+--------+--------+--------+-----+--------+
         Total |   7726 |   7468 |    258 |   1034 |   5489 |   9 |  858.4 |
       Dungeon |   7562 |   7322 |    240 |   1034 |   5352 |   8 |  945.2 |
        Temple |    163 |    145 |     18 |      0 |    137 |   1 |  163.0 |
               +--------+--------+--------+--------+--------+-----+--------+

Top non-repeatable levels by time:
     D:1: 1617 daAuts
     D:2: 1373 daAuts
     D:7: 999 daAuts
     D:3: 959 daAuts
     D:6: 915 daAuts
     D:4: 913 daAuts
     D:5: 741 daAuts
  Temple: 163 daAuts
     D:8: 43 daAuts
